Map: Altitude LE

Players

A.I. 1 (Elite)

  • Race: Zerg Zerg
  • Spawn Location: 1:00

ZoRo - Winner!

  • Race: Zerg Zerg
  • League: Master
  • Spawn Location: 7:00

VOD

Have the link to the VOD?

Description

Time

  • Played on: May 17, 2023, 1:55 p.m.
  • Length: 3:47
Show
View Real Time Build Order
Export as new Build Order

A.I. 1 (Elite) Zerg 

Build Orders: 1 Base Baneling Bust, Pool Only 

Get SALT Encoding   

  12  0:00  Drone  
  13  0:07  Drone  
  14  0:17  Overlord  
  14  0:35  Spawning Pool  
  13  0:37  Extractor  
  13  0:38  Drone  
  13  0:43  Drone  
  13  0:47  Drone  
  15  1:21  Zergling x6, Queen  
  20  1:32  Zergling x2  
  21  1:36  Baneling Nest  
  20  1:43  Drone  
  21  1:53  Zergling x2  
  22  2:05  Overlord  
  22  2:23  Baneling, Zergling x2  
  22  2:26  Baneling x2, Zergling x2  
  22  2:28  Baneling, Zergling x6  
  22  2:29  Baneling  
  27  2:36  Baneling  
  27  2:37  Zergling x2  
  27  2:38  Baneling  
  28  2:48  Zergling x2  
  29  3:00  Overlord, Zergling x2  
  30  3:18  Zergling x4  
  32  3:21  Zergling x2  
Show
View Real Time Build Order
Export as new Build Order

ZoRo Zerg - Winner!

Build Orders: Hatch First 

Get SALT Encoding   

  12  0:00  Drone  
  13  0:08  Drone  
  14  0:15  Drone, Extractor  
  15  0:37  Hatchery  
  14  0:42  Extractor  
  14  0:43  Drone  
  14  0:59  Spawning Pool  
  14  1:03  Drone  
  14  1:11  Overlord  
  14  1:30  Drone x3  
  17  1:45  Metabolic Boost  
  17  1:49  Queen  
  17  1:53  Zergling x2  
  20  1:56  Zergling x2  
  20  2:00  Zergling x2  
  22  2:03  Zergling x2  
  23  2:09  Zergling x2  
  23  2:13  Overlord  
  24  2:16  Zergling x2  
  24  2:22  Zergling x2  
  26  2:24  Zergling x2  
  27  2:34  Baneling Nest  
  27  2:35  Zergling x2  
  27  2:37  Zergling x2  
  28  2:43  Zergling x2  
  29  2:45  Zergling x2  
  30  2:53  Overlord  
  30  2:56  Zergling x2  
  31  2:59  Zergling x2  
  31  3:03  Zergling x2  
  33  3:08  Zergling x2  
  34  3:17  Zergling x4  
  34  3:18  Baneling x2  
  36  3:20  Baneling  
  36  3:26  Zergling x2  
  37  3:27  Zergling x2  
Tags
 
Add a new tag
Caveats
  • Supply blocks, unpowered buildings, or Contaminate may cause inaccurate times.
  • Supply counts are checked every 10 seconds.